 Dungeon Crawl Stone Soup version 0.31.0-11-ge490571c62 (webtiles) character file.

Game seed: 9840027658781515702

4 Edyrem the Changeling (level 1, -3/15 HPs)
             Began as a Merfolk Shapeshifter on Feb 6, 2024.
             Killed from afar by a dart slug (4 damage)
             ... with a slug dart
             ... on level 1 of the Dungeon.
             The game lasted 00:00:23 (142 turns).

Edyrem the Changeling (Merfolk Shapeshifter)         Turns: 142, Time: 00:00:23

Health: -3/15      AC:  2    Str: 14    XL:     1   Next: 70%
Magic:  1/1        EV: 12    Int:  9    God:
Gold:   0          SH:  0    Dex: 13    Spells: 0/0 levels left

rFire   . .          .
                       - Unarmed
rCold   . . .        (no shield)
rNeg    . . .        a - +0 animal skin
rPois   .            (helmet currently unavailable)
rElec   .            (cloak currently unavailable)
rCorr   .            (gloves currently unavailable)
SInv    .            (boots currently unavailable)
Will    .....        (no amulet)
Stlth   +            (no ring)
HPRegen 0.22/turn    (no ring)
MPRegen 0.07/turn

%: no passive effects
@: beast-form
A: beast (slay +2), (nimble swimmer 2), mertail
a: Begin Untransformation


You were on level 1 of the Dungeon.
You were a hulking beast.
You visited 1 branch of the dungeon, and saw 1 of its levels.

Inventory:

Armour
 a - a +0 animal skin (worn)
Talismans
 c - a beast talisman
 d - a flux talisman
Scrolls
 e - a scroll of brand weapon {unknown}
Potions
 b - a potion of lignification
 f - a potion of curing {unknown}


   Skills:
 + Level 1.2 Fighting
 + Level 2.8 Dodging
 + Level 3.3 Unarmed Combat
 * Level 4.1 Shapeshifting


You couldn't memorise any spells.
You didn't know any spells.
Your spell library was empty.

Dungeon Overview and Level Annotations

Branches:
Dungeon (1/15)

Altars:


Innate Abilities, Weirdness & Mutations

You are a hulking beast.
Your limbs bulge with bestial killing power. (Slay +2)
((You are very nimble when in or above water. (Stealth+, EV+, Speed+++)))
Your lower body shifts to a powerful aquatic tail in water.


Message History

The hobgoblin hits you.
You completely miss the hobgoblin. The hobgoblin hits you.
You are too injured to fight recklessly!
You are too injured to fight recklessly!
You are too injured to fight recklessly!
The hobgoblin attacks as it pursues you!
The hobgoblin hits you but does no damage.
The endoplasm attacks as it pursues you!
The endoplasm completely misses you.
The quokka twitches its whiskers.
The hobgoblin attacks as it pursues you!
The hobgoblin barely misses you.
The endoplasm attacks as it pursues you!
The endoplasm hits you.
The hobgoblin attacks as it pursues you!
The hobgoblin hits you but does no damage.
The endoplasm attacks as it pursues you!
The endoplasm closely misses you. The endoplasm freezes you.
You are frozen.
The dart slug launches a dart at you. The slug dart hits you.
* * * LOW HITPOINT WARNING * * *
You hit the endoplasm.
The endoplasm is heavily wounded.
The dart slug launches a dart at you. The slug dart hits you.
* * * LOW HITPOINT WARNING * * *
The endoplasm misses you.
You hit the endoplasm.
The endoplasm is heavily wounded.
The quokka twitches its whiskers.
You hit the endoplasm but do no damage.
The endoplasm is heavily wounded.
The endoplasm freezes you.
You are frozen.
* * * LOW HITPOINT WARNING * * *
The dart slug launches a dart at you. The slug dart hits you.
You die...

#............ #........#
....... #........#
w...... #..†.....#
....... #........+
....... +######........#
....... .#.............#
.......
.#............r##.......
.#............gJh.......
.#.......############...
.........# .....#####
.....# .....# .....#
.....## ......+


You could see a dart slug, an endoplasm, a quokka and a hobgoblin.

Vanquished Creatures
  A hobgoblin (D:1)
  A kobold (D:1)
  A quokka (D:1)
  A frilled lizard (D:1)
4 creatures vanquished.

Notes
Turn   | Place    | Note
-------+----------+-------------------------------------------
     0 | D:1      | Edyrem the Merfolk Shapeshifter began the quest for the
                  | Orb.
     0 | D:1      | Reached XP level 1. HP: 15/15 MP: 1/1
   142 | D:1      | Killed from afar by a dart slug

Illustrated notes

Levels and vault maps discovered:
D:1:      psy_arrival_basics, layout_basic, ebering_ecumenical_altar_box

Action                     || total
---------------------------++-------
  Melee: Unarmed           ||    17
 Armour: Animal skin       ||    14
  Dodge: Dodged            ||    10
